 Dungeon Crawl Stone Soup version 0.24.0 (webtiles) character file.

Game seed: 8500216397482601234, levelgen mode: deterministic

63 Buxparty the Covered (level 4, -4/34 HPs)
             Began as a Gnoll Wanderer on Feb 4, 2020.
             Killed from afar by an electric eel (10 damage)
             ... with a bolt of electricity
             ... on level 6 of the Dungeon.
             The game lasted 00:04:02 (2183 turns).

Buxparty the Covered (Gnoll Wanderer)               Turns: 2183, Time: 00:04:02

Health: -4/34      AC:  7    Str: 15    XL:     4   Next: 9%
Magic:  8/8        EV: 11    Int: 15    God:
Gold:   143        SH:  0    Dex: 14    Spells: 8/8 levels left

rFire    . . .     SeeInvis .   a - +2 dagger
rCold    . . .     Gourm    .   (no shield)
rNeg     . . .     Faith    .   c - +0 ring mail
rPois    .         Spirit   .   (no helmet)
rElec    .         Reflect  .   (no cloak)
rCorr    .         Harm     .   h - +0 pair of gloves (curse)
MR       .....                  (no boots)
Stlth    +.........             (no amulet)
HPRegen  0.11/turn              (no ring)
MPRegen  0.11/turn              (no ring)

@: no status effects
A: distributed training, fangs 1, strong nose
a: no special abilities


You were on level 6 of the Dungeon.
You were not hungry.

You visited 1 branch of the dungeon, and saw 4 of its levels.

You collected 143 gold pieces.

Inventory:

Hand Weapons
 a - a +2 dagger (weapon)
Missiles
 b - 2 curare-tipped darts (quivered)
Armour
 c - a +0 ring mail (worn)
 h - a cursed +0 pair of gloves (worn)
Scrolls
 e - 3 scrolls of magic mapping {unknown}
 g - 2 scrolls of teleportation {unknown}
 i - a scroll of blinking {unknown}
 j - 2 scrolls of remove curse {unknown}
 k - a scroll of enchant armour {unknown}
 o - a scroll of enchant weapon {unknown}
Potions
 d - a potion of lignification
 l - 2 potions of haste {unknown}
 m - a potion of resistance {unknown}
 n - a potion of might {unknown}
Comestibles
 f - 3 rations


   Skills:
 + Level 2.7 Fighting
 + Level 1.0 Short Blades
 + Level 1.0 Long Blades
 + Level 2.7 Axes
 + Level 1.0 Maces & Flails
 + Level 1.0 Polearms
 + Level 1.0 Staves
 + Level 1.0 Slings
 + Level 1.0 Bows
 + Level 1.0 Crossbows
 + Level 4.6 Throwing
 + Level 6.5 Armour
 + Level 1.0 Dodging
 + Level 1.0 Stealth
 + Level 1.0 Shields
 + Level 1.0 Unarmed Combat
 + Level 2.9 Spellcasting
 + Level 3.8 Conjurations
 + Level 0.7 Hexes
 + Level 0.7 Charms
 + Level 0.7 Summonings
 + Level 0.7 Necromancy
 + Level 0.7 Translocations
 + Level 0.7 Transmutations
 + Level 0.7 Fire Magic
 + Level 0.7 Ice Magic
 + Level 0.7 Air Magic
 + Level 0.7 Earth Magic
 + Level 0.7 Poison Magic
 + Level 1.1 Invocations
 + Level 1.0 Evocations


You had 8 spell levels left.
You didn't know any spells.
Your spell library was empty.

Dungeon Overview and Level Annotations

Branches:
Dungeon (3/15)

Altars:
Sif Muna
Xom


Innate Abilities, Weirdness & Mutations

Your experience applies equally to all skills.
You have very sharp teeth.
Your uncanny sense of smell can sniff out nearby items.


Message History

You eat one of the 4 rations.
That ration really hit the spot!
An orc warrior comes into view. It is wielding a +0 war axe.
The electric eel shoots out a bolt of lightning at you!
The bolt of electricity hits you.
The electric eel shoots out a bolt of lightning at you!
The bolt of electricity hits you!
An electric eel comes into view.
The electric eel shoots out a bolt of lightning at you!
The bolt of electricity hits the plant!
The bolt of electricity misses you.
The electric eel shoots out a bolt of lightning at you!
The bolt of electricity hits the plant!
The bolt of electricity misses you.
Found 3 scrolls labeled ZIXKIX AQUC.
The electric eel shoots out a bolt of lightning at you!
The bolt of electricity hits you!
* * * LOW HITPOINT WARNING * * *
The electric eel shoots out a bolt of lightning at you!
The bolt of electricity hits the plant!
The bolt of electricity misses you.
The electric eel shoots out a bolt of lightning at you!
The bolt of electricity hits the plant!
The bolt of electricity hits you!
You die...

#....# #..≈≈≈≈≈≈.
#.# #..≈;≈≈≈≈.
#.#######...P≈≈≈≈≈
#...o........≈≈≈P.
#########...≈≈≈≈..
∆ ##..≈≈≈(≈.
#..≈P≈P≈.
#...≈≈≈..
#@..≈≈≈..
#..P;≈≈≈.
#.≈≈≈≈≈≈.
#.≈≈≈≈P≈.
#.≈≈≈≈≈≈.
#?≈≈≈≈≈≈.
..≈≈≈≈≈≈.
..≈≈≈≈...


You could see 2 electric eels.

Vanquished Creatures
  An ooze (D:1)
  2 worms (D:2)
  2 ball pythons (D:1)
  8 bats
  2 giant cockroaches (D:1)
  5 goblins
  7 hobgoblins
  7 jackals
  2 frilled lizards
  4 kobolds
  7 rats
47 creatures vanquished.

Notes
Turn   | Place    | Note
-------+----------+-------------------------------------------
     0 | D:1      | Buxparty the Gnoll Wanderer began the quest for the Orb.
     0 | D:1      | Buxparty set off with the following items: a +2 dagger, 2
                  | curare-tipped darts, a +0 ring mail, a potion of
                  | lignification, a ration
     0 | D:1      | Reached XP level 1. HP: 17/17 MP: 4/4
   197 | D:1      | Reached XP level 2. HP: 23/23 MP: 5/5
   835 | D:1      | Reached XP level 3. HP: 26/28 MP: 7/7
  1199 | D:2      | Reached skill level 1 in Invocations
  1379 | D:2      | Found a shimmering altar of Xom.
  1628 | D:2      | Reached skill level 1 in Short Blades
  1628 | D:2      | Reached skill level 1 in Long Blades
  1628 | D:2      | Reached skill level 1 in Maces & Flails
  1628 | D:2      | Reached skill level 1 in Polearms
  1628 | D:2      | Reached skill level 1 in Staves
  1628 | D:2      | Reached skill level 1 in Slings
  1628 | D:2      | Reached skill level 1 in Bows
  1628 | D:2      | Reached skill level 1 in Crossbows
  1628 | D:2      | Reached skill level 1 in Dodging
  1628 | D:2      | Reached skill level 1 in Stealth
  1628 | D:2      | Reached skill level 1 in Shields
  1628 | D:2      | Reached skill level 1 in Unarmed Combat
  1628 | D:2      | Reached skill level 1 in Evocations
  1656 | D:2      | Reached XP level 4. HP: 34/34 MP: 8/8
  1850 | D:2      | Found a shimmering blue altar of Sif Muna.
  2021 | D:3      | You fall into a shaft and drop 3 floors!
  2170 | D:6      | Noticed an orc warrior
  2183 | D:6      | Killed from afar by an electric eel

Levels and vault maps discovered:
D:1:      nzn_arrival_settlement, layout_basic
D:2:      layout_loops_ring, led_sif_pool, lemuel_altar_in_water2
D:3:      layout_rooms, kennysheep_ying_yang, nicolae_qazlal_style_of_elements,
          overflow_temple_1_default, chequers_ecumenical_altar_twisty,
          uniq_natasha
D:6:      layout_loops_ring, minmay_temple_entry_proselytizer,
          minmay_misc_feat_rugged, chequers_big_river,
          kennysheep_generic_room_10
